 Dungeon Crawl Stone Soup version 0.24-a0-106-gcea5463 (webtiles) character file.

Game seed: 0

814 Prokrastinering the Skirmisher (level 7, -1/59 HPs)
             Began as a Demonspawn Wanderer on Feb 13, 2019.
             Was a Follower of Okawaru.
             Killed from afar by a starcursed mass (6 damage)
             ... with an accursed screaming
             ... on level 1 of the Abyss.
             The game lasted 00:15:58 (6290 turns).

Prokrastinering the Skirmisher (DsWn)               Turns: 6290, Time: 00:15:59

Health: -1/59      AC:  6    Str: 12    XL:     7   Next: 62%
Magic:  7/7        EV: 11    Int: 15    God:    Okawaru [*.....]
Gold:   324        SH:  2    Dex: 13    Spells: 6/6 levels left

rFire    . . .     SeeInvis +   i - +0 spear
rCold    . . .     Gourm    .   (no shield)
rNeg     . . .     Faith    .   a - +3 leather armour
rPois    .         Spirit   .   (helmet restricted)
rElec    .         Reflect  +   (no cloak)
rCorr    .         Harm     .   (no gloves)
MR       .....                  (no boots)
Stlth    +.........             t - +2 amulet of reflection
HPRegen  0.19/turn              p - ring of see invisible
MPRegen  0.10/turn              (no ring)

@: no status effects
A: antennae 2, iridescent scales 1, deformed body, powered by death 1
a: Heroism, Renounce Religion


You were on level 1 of the Abyss.
You worshipped Okawaru.
Okawaru was aware of your devotion.
You were not hungry.

You visited 2 branches of the dungeon, and saw 6 of its levels.
You visited the Abyss 1 time.

You collected 324 gold pieces.

Inventory:

Hand Weapons
 b - a +0 hand axe
 d - a +0 blowgun
 i - a +0 spear (weapon)
Missiles
 c - 7 poisoned needles
 q - 7 needles of confusion
 r - 7 javelins of returning (quivered)
Armour
 a - a +3 leather armour (worn)
 n - a +0 chain mail
Jewellery
 k - an uncursed amulet of harm
 p - a ring of see invisible (left hand)
 t - a +2 amulet of reflection (around neck)
Wands
 y - a wand of enslavement (9)
Scrolls
 e - a scroll of identify
 h - 5 scrolls of remove curse
 j - a scroll of blinking
 m - a scroll of fear
 o - 2 scrolls of teleportation
 u - 2 scrolls of enchant armour
Potions
 g - a potion of berserk rage
 l - a potion of might
 s - a potion of curing
Comestibles
 f - 9 rations


   Skills:
 - Level 6.8 Fighting
 - Level 1.7(3.8) Axes
 + Level 5.3(5.5) Polearms
 - Level 1.7 Throwing
 - Level 1.0 Armour
 - Level 1.0 Dodging
 - Level 1.0 Stealth


You had 6 spell levels left.
You didn't know any spells.
Your spell library was empty.

Dungeon Overview and Level Annotations

Branches:
Dungeon (5/15)             Temple (1/1) D:4

Altars:
Ashenzari
Cheibriados
Elyvilon
Fedhas
Hepliaklqana
Kikubaaqudgha
Nemelex Xobeh
Okawaru
Qazlal
Ru
Sif Muna
Trog
Wu Jian
Xom
Yredelemnul
Zin
The Shining One

Annotations:
D:5 Crazy Yiuf, Grinder


Innate Abilities, Weirdness & Mutations

You have a pair of antennae on your head.
You are partially covered in iridescent scales. (AC +2)
You regenerate a little health from kills.
Armour fits poorly on your strangely shaped body.


Message History

The iron imp is moderately wounded.
A chorus of shrieks assaults your mind.
You closely miss the iron imp.
The iron imp is moderately wounded.
The iron imp hits you.
A starcursed mass splits.
You hit the iron imp but do no damage.
The iron imp is moderately wounded.
A starcursed mass splits.
The iron imp barely misses you.
You hit the iron imp.
The iron imp is severely wounded.
You hit the iron imp but do no damage.
The iron imp is severely wounded.
A deafening chorus of shrieks assaults your mind!
* * * LOW HITPOINT WARNING * * *
The iron imp hits you!
* * * LOW HITPOINT WARNING * * *
You hit the iron imp but do no damage.
The iron imp is severely wounded.
A deafening chorus of shrieks assaults your mind!
You die...

#... . # #.
#.# ####..
...# ..#. #
### .##
#.#_. ##.#
.. # #.# .
..###X...
### #. .##
...#..#.. ..
# #.#..##
.X.X# # .
##.#
#.#.XX#. . .
#.####5....#
... . #5#
..#@.#.# .
...##. #
.####
...........
..# # ....
.. ...#.# #
.......#.
...## ......
#...#.. . .
.....
#...#####
.## # ##
##.# ## ≈≈


You could see 5 starcursed masses and an iron imp.

Vanquished Creatures
  Sigmund (D:2)
  A centaur (D:4)
  An ogre (D:4)
  Blork the orc (D:5)
  A hound (D:4)
  An orc priest (D:4)
  An iguana (D:4)
  An orc wizard (D:3)
  2 worker ants
  Terence (D:3)
  4 adders
  7 gnolls
  A shadow imp (D:5)
  An ooze (D:1)
  An adder skeleton (D:4)
  2 worms
  5 dart slugs
  5 leopard geckos
  4 orcs
  A bat zombie (D:2)
  2 giant cockroaches
  10 hobgoblins
  11 jackals
  2 quokkas (D:4)
  3 ball pythons (D:2)
  6 bats
  2 frilled lizards
  5 goblins
  4 kobolds
  4 rats
  A rat zombie (D:2)
92 creatures vanquished.

Vanquished Creatures (collateral kills)
  An orc wizard (D:4)
1 creature vanquished.

Grand Total: 93 creatures vanquished

Notes
Turn   | Place    | Note
-------+----------+-------------------------------------------
     0 | D:1      | Prokrastinering the Demonspawn Wanderer began the quest for
                  | the Orb.
     0 | D:1      | Prokrastinering set off with the following items: a +2
                  | leather armour, a +0 hand axe, 7 poisoned needles, a +0
                  | blowgun, a ration
     0 | D:1      | Reached XP level 1. HP: 18/18 MP: 1/1
   196 | D:1      | Gained mutation: You are partially covered in iridescent
                  | scales. (AC +2) [demonic ancestry]
   196 | D:1      | Reached XP level 2. HP: 16/24 MP: 2/2
   453 | D:1      | Reached skill level 4 in Fighting
   577 | D:1      | Reached XP level 3. HP: 24/30 MP: 3/3
  1402 | D:1      | Found a shimmering altar of Xom.
  1510 | D:2      | Reached skill level 5 in Fighting
  1510 | D:2      | Reached XP level 4. HP: 38/39 MP: 4/4
  1750 | D:2      | Found an ancient bone altar of Kikubaaqudgha.
  1954 | D:2      | Noticed Sigmund
  1963 | D:2      | Killed Sigmund
  1963 | D:2      | Reached skill level 6 in Fighting
  1963 | D:2      | Gained mutation: You have a pair of small antennae on your
                  | head. [demonic ancestry]
  1963 | D:2      | Reached XP level 5. HP: 47/47 MP: 5/5
  2081 | D:2      | Reached XP level 6. HP: 48/53 MP: 6/6
  2325 | D:3      | Noticed Terence
  2350 | D:3      | Killed Terence
  2523 | D:3      | Reached skill level 1 in Polearms
  3088 | D:4      | Found a staircase to the Ecumenical Temple.
  3097 | Temple   | Entered the Ecumenical Temple
  3158 | Temple   | Became a worshipper of Warmaster Okawaru
  4204 | D:3      | HP: 1/79 [something/magic dart (12)]
  4217 | D:3      | Gained mutation: You have a pair of antennae on your head.
                  | [potion of mutation]
  4217 | D:3      | Gained mutation: You are dopey. (Int -2) [potion of
                  | mutation]
  4217 | D:3      | Gained mutation: Armour fits poorly on your strangely
                  | shaped body. [potion of mutation]
  4217 | D:3      | Lost mutation: You are dopey. (Int -2) [potion of mutation]
  5111 | D:4      | Gained mutation: You regenerate a little health from kills.
                  | [demonic ancestry]
  5111 | D:4      | Reached XP level 7. HP: 59/59 MP: 7/7
  5202 | D:5      | Entered Level 5 of the Dungeon
  5213 | D:4      | Reached * piety under Okawaru
  5330 | D:5      | Noticed Grinder
  6169 | D:5      | Noticed Blork the orc
  6176 | D:5      | Reached skill level 5 in Polearms
  6185 | D:5      | Killed Blork the orc
  6209 | D:5      | Found a runed translucent door.
  6210 | D:5      | Noticed Crazy Yiuf
  6224 | D:5      | Cast into level 1 of the Abyss (Crazy Yiuf)
  6265 | Abyss:1  | Found a corrupted altar of Lugonu.
  6281 | Abyss:1  | Noticed a starcursed mass
  6290 | Abyss:1  | Killed from afar by a starcursed mass

Levels and vault maps discovered:
D:1:      dpeg_arrival_water_altar, layout_basic, serial_park_tiny_1,
          minmay_box_of_dots
D:2:      layout_rooms, lemuel_zombie_altar_kikubaaqudgha, uniq_sigmund
D:3:      layout_rooms, nrook_mini_vaults, uniq_terence
D:4:      layout_cave_pods, minmay_temple_entry_glass
D:5:      layout_cave_pools, first_ration, lightli_ossuary_entry_decrepit_ruins,
          uniq_blork_the_orc, uniq_crazy_yiuf_cottage, uniq_grinder
Temple:   nicolae_temple_x_marks_the_god
Abyss:1:  abyss_furniture_001

Skill      XL: |  1  2  3  4  5  6  7 |
---------------+----------------------+-----
Fighting       | 4 5 6 |  6.8
Polearms       | 4 5 |  5.3
Axes           | |  1.7
Throwing       | |  1.7
Armour         | |  1.0
Dodging        | |  1.0
Stealth        | |  1.0

Action                   |  1- 3 |  4- 6 |  7- 9 || total
-------------------------+-------+-------+-------++-------
Melee: Hand axe          |   158 |   121 |       ||   279
       Spear             |       |   223 |   136 ||   359
 Fire: Blowgun           |     4 |    16 |       ||    20
Throw: Javelin           |       |     9 |       ||     9
Evoke: Wand              |       |       |     1 ||     1
  Use: Potion            |     1 |    10 |     2 ||    13
       Scroll            |       |       |     9 ||     9
 Stab: Sleeping          |       |     1 |       ||     1
  Eat: Chunk             |     1 |    13 |     1 ||    15
       Ration            |       |       |     1 ||     1
Armor: Leather armour    |    75 |   112 |    48 ||   235
       Skin              |       |     9 |     5 ||    14
Dodge: Dodged            |   109 |   157 |    82 ||   348
Block: Other             |       |    11 |    14 ||    25

Table legend:
 A = Non-vault XP
 B = Vault XP
 C = Vault XP percentage of total XP
 D = Non-vault monster count
 E = Vault monster count
 F = Vault count percentage of total count
                 A         B        C        D         E       F
            +---------+---------+-------+---------+---------+-------
      Total |     804 |     360 |  30.9 |      86 |       7 |   7.5
            +---------+---------+-------+---------+---------+-------
        D:1 |      51 |       6 |  10.5 |      26 |       2 |   7.1
        D:2 |     107 |     226 |  67.9 |      19 |       3 |  13.6
        D:3 |      56 |      32 |  36.4 |      10 |       1 |   9.1
        D:4 |     516 |       0 |   0.0 |      22 |       0 |   0.0
        D:5 |      74 |      96 |  56.5 |       9 |       1 |  10.0
            +---------+---------+-------+---------+---------+-------
